TOP OF THE 1ST |
Columbus Clippers batting - Pitching for Toledo Mud Hens : RHP Douglas Mathey
|
Pitching: RHP Douglas Mathey
|
|
Batting: SHB Curt Wilkerson
|
0-0: Swinging Strike 0-1: SINGLE (Line Drive, 9LS, EV 106.3 MPH)
|
Batting: RHB Javier Leyva
|
0-0: Ball 1-0: Called Strike 1-1: Ball Curt Wilkerson is caught stealing 2nd base 2-4 2-1: Ball 3-1: Foul Ball, location: 2F 3-2: Strikes out swinging
|
Batting: LHB Denny Porter
|
0-0: Foul Ball, location: 2F 0-1: Ball 1-1: Ball 2-1: Foul Ball, location: 2F 2-2: Foul Ball, location: 2F 2-2: Ground out 4-3 (Groundball, 4, EV 84.4 MPH)
|
Top of the 1st over - 0 runs, 1 hit, 0 errors, 0 left on base; Columbus 0 - Toledo 0 |
BOTTOM OF THE 1ST |
Toledo Mud Hens batting - Pitching for Columbus Clippers : RHP Richard Renwick
|
Pitching: RHP Richard Renwick
|
|
Batting: RHB Nick Capra
|
0-0: Ball 1-0: Ball 2-0: Swinging Strike 2-1: Called Strike 2-2: Strikes out looking
|
Batting: RHB Don Lyle
|
0-0: Foul Ball, location: 2F 0-1: Foul Ball, location: 2F 0-2: Ball 1-2: Strikes out looking
|
Batting: LHB Randy S Johnson
|
0-0: Called Strike 0-1: Swinging Strike 0-2: SINGLE (Groundball, 34D, EV 97.5 MPH)
|
Batting: LHB Jerry Tabb
|
0-0: Called Strike 0-1: Foul Ball, location: 2F 0-2: Foul Ball, location: 2F 0-2: Strikes out swinging
|
Bottom of the 1st over - 0 runs, 1 hit, 0 errors, 1 left on base; Columbus 0 - Toledo 0 |
TOP OF THE 2ND |
Columbus Clippers batting - Pitching for Toledo Mud Hens : RHP Douglas Mathey
|
Batting: RHB Rod Allen
|
0-0: Foul Ball, location: 2F 0-1: Ball 1-1: Swinging Strike 1-2: Foul Ball, location: 2F 1-2: Strikes out swinging
|
Batting: LHB Elijah Bonaparte
|
0-0: Ball 1-0: Foul Ball, location: 2F 1-1: Ground out U3 (Groundball, 3L, EV 90.6 MPH)
|
Batting: RHB Donell Nixon
|
0-0: Ball 1-0: Foul Ball, location: 2F 1-1: Ground out 5-3 (Groundball, 56S, EV 93.1 MPH)
|
Top of the 2nd over - 0 runs, 0 hits, 0 errors, 0 left on base; Columbus 0 - Toledo 0 |
BOTTOM OF THE 2ND |
Toledo Mud Hens batting - Pitching for Columbus Clippers : RHP Richard Renwick
|
Batting: LHB Ron Diggle
|
0-0: Ball 1-0: Ball 2-0: Swinging Strike 2-1: Fly out, F8 (Flyball, 8LM, EV 90.6 MPH)
|
Batting: LHB John Mayberry Sr
|
0-0: Ball 1-0: Ball 2-0: Called Strike 2-1: Ball 3-1: Fly out, F8 (Flyball, 8RM, EV 73.1 MPH)
|
Batting: RHB Gary Allenson
|
0-0: Ball 1-0: Called Strike 1-1: Foul Ball, location: 2F 1-2: Strikes out swinging
|
Bottom of the 2nd over - 0 runs, 0 hits, 0 errors, 0 left on base; Columbus 0 - Toledo 0 |
TOP OF THE 3RD |
Columbus Clippers batting - Pitching for Toledo Mud Hens : RHP Douglas Mathey
|
Batting: LHB Jordan Medrano
|
0-0: Swinging Strike 0-1: Ball 1-1: Foul Ball, location: 2F 1-2: Ball 2-2: Ball 3-2: Fly out, F8 (Flyball, 8LD, EV 76.9 MPH)
|
Batting: LHB Arturo Blanco
|
0-0: Ball 1-0: DOUBLE (Line Drive, 8RD, EV 105.6 MPH)
|
Batting: RHB Alex Rodriguez
|
0-0: Ball 1-0: Ground out 1-3 (Groundball, P, EV 70.0 MPH) Arturo Blanco to third
|
Batting: SHB Curt Wilkerson
|
0-0: Ball 1-0: DOUBLE (Line Drive, 89D, EV 103.1 MPH) Arturo Blanco scores
|
Batting: RHB Javier Leyva
|
0-0: Ball 1-0: Ground out U3 (Groundball, 3, EV 80.6 MPH)
|
Top of the 3rd over - 1 run, 2 hits, 0 errors, 1 left on base; Columbus 1 - Toledo 0 |
BOTTOM OF THE 3RD |
Toledo Mud Hens batting - Pitching for Columbus Clippers : RHP Richard Renwick
|
Batting: LHB Rich Coggins
|
0-0: Ball 1-0: Called Strike 1-1: Ball 2-1: Foul Ball, location: 2F 2-2: Ball 3-2: TRIPLE (Line Drive, 9LD, EV 104.4 MPH)
|
Batting: RHB Bucky Dent
|
0-0: Called Strike 0-1: Foul Ball, location: 2F 0-2: Ball 1-2: Strikes out swinging
|
Batting: RHB Nick Capra
|
0-0: Called Strike 0-1: Ball 1-1: Ball 2-1: Ball 3-1: Swinging Strike 3-2: Foul Ball, location: 2F 3-2: Base on Balls
|
Batting: RHB Don Lyle
|
0-0: Ball 1-0: Called Strike 1-1: Ball 2-1: Grounds into double play, 4-6-3 (Groundball, 4MD, EV 86.9 MPH)
|
Bottom of the 3rd over - 0 runs, 1 hit, 0 errors, 1 left on base; Columbus 1 - Toledo 0 |
TOP OF THE 4TH |
Columbus Clippers batting - Pitching for Toledo Mud Hens : RHP Douglas Mathey
|
Batting: LHB Denny Porter
|
0-0: Called Strike 0-1: Ball 1-1: Foul Ball, location: 2F 1-2: Ball 2-2: Strikes out swinging
|
Batting: RHB Rod Allen
|
0-0: Foul Ball, location: 2F 0-1: Ground out 1-3 (Groundball, P, EV 66.9 MPH)
|
Batting: LHB Elijah Bonaparte
|
0-0: Fly out, F8 (Flyball, 8LS, EV 80.0 MPH)
|
Top of the 4th over - 0 runs, 0 hits, 0 errors, 0 left on base; Columbus 1 - Toledo 0 |
BOTTOM OF THE 4TH |
Toledo Mud Hens batting - Pitching for Columbus Clippers : RHP Richard Renwick
|
Batting: LHB Randy S Johnson
|
0-0: Called Strike 0-1: Ball 1-1: Swinging Strike 1-2: Foul Ball, location: 2F 1-2: Ball 2-2: Strikes out swinging
|
Batting: LHB Jerry Tabb
|
0-0: Foul Ball, location: 2F 0-1: Ball 1-1: Ball 2-1: Ball 3-1: Foul Ball, location: 2F 3-2: Foul Ball, location: 2F 3-2: Ground out 6-3 (Groundball, 6, EV 89.4 MPH)
|
Batting: LHB Ron Diggle
|
0-0: Called Strike 0-1: Ball 1-1: Ball 2-1: SINGLE (Groundball, 6D, EV 97.5 MPH)
|
Batting: LHB John Mayberry Sr
|
0-0: Ball 1-0: Ball 2-0: Called Strike 2-1: Ball 3-1: Reached on error, E6 (Groundball, 6, EV 88.8 MPH) Ron Diggle to second
|
Batting: RHB Gary Allenson
|
0-0: Ball 1-0: Called Strike 1-1: Swinging Strike 1-2: Fly out, F7 (Flyball, 78D, EV 91.3 MPH)
|
Bottom of the 4th over - 0 runs, 1 hit, 1 error, 2 left on base; Columbus 1 - Toledo 0 |
TOP OF THE 5TH |
Columbus Clippers batting - Pitching for Toledo Mud Hens : RHP Douglas Mathey
|
Batting: RHB Donell Nixon
|
0-0: Ball 1-0: Swinging Strike 1-1: Ground out 3-1 (Groundball, 34S, EV 91.9 MPH)
|
Batting: LHB Jordan Medrano
|
0-0: Ground out 4-3 (Groundball, 4M, EV 84.4 MPH)
|
Batting: LHB Arturo Blanco
|
0-0: Ball 1-0: Ball 2-0: Reached on error, E1 (Groundball, 34S, EV 68.8 MPH)
|
Batting: RHB Alex Rodriguez
|
0-0: SINGLE (Groundball, 6MD, EV 101.9 MPH) Arturo Blanco to third Runner from 3rd tries for Home, SAFE, throw by CF to home
|
Batting: SHB Curt Wilkerson
|
0-0: Ball 1-0: Ball 2-0: Called Strike 2-1: Fielders Choice at 2nd, 6-4 (Groundball, 6, EV 107.5 MPH)
|
Top of the 5th over - 1 run, 1 hit, 1 error, 1 left on base; Columbus 2 - Toledo 0 |
BOTTOM OF THE 5TH |
Toledo Mud Hens batting - Pitching for Columbus Clippers : RHP Richard Renwick
|
Batting: LHB Rich Coggins
|
0-0: Ball 1-0: Swinging Strike 1-1: Ground out 2-3 (Groundball, 2L, EV 70.6 MPH)
|
Batting: RHB Bucky Dent
|
0-0: Ball 1-0: Ball 2-0: Ball 3-0: Called Strike 3-1: Called Strike 3-2: SINGLE (Line Drive, 9S, EV 89.4 MPH)
|
Batting: RHB Nick Capra
|
0-0: Foul Ball, location: 2F 0-1: Called Strike 0-2: Fielders Choice at 2nd, 6-4 (Groundball, 6, EV 91.9 MPH)
|
Batting: RHB Don Lyle
|
0-0: Ball Nick Capra steals 2nd base 1-0: Foul Ball, location: 2F 1-1: Called Strike 1-2: Foul Ball, location: 2F 1-2: Fly out, F5 (Line Drive, 5, EV 65.0 MPH)
|
Bottom of the 5th over - 0 runs, 1 hit, 0 errors, 1 left on base; Columbus 2 - Toledo 0 |
TOP OF THE 6TH |
Columbus Clippers batting - Pitching for Toledo Mud Hens : RHP Douglas Mathey
|
Batting: RHB Javier Leyva
|
0-0: Called Strike 0-1: Called Strike 0-2: Ground out 6-3 (Groundball, 6, EV 85.6 MPH)
|
Batting: LHB Denny Porter
|
0-0: Swinging Strike 0-1: TRIPLE (Line Drive, 78XD, EV 103.1 MPH)
|
Batting: RHB Rod Allen
|
0-0: Ball 1-0: Ball 2-0: TRIPLE (Line Drive, 78XD, EV 101.3 MPH) Denny Porter scores
|
Batting: LHB Elijah Bonaparte
|
0-0: Intentional Walk
|
Batting: RHB Donell Nixon
|
0-0: Ball Elijah Bonaparte is caught stealing 2nd base 2-4 1-0: Swinging Strike 1-1: Ball 2-1: Ball 3-1: Fly out, F4 (Line Drive, 4, EV 69.4 MPH)
|
Top of the 6th over - 1 run, 2 hits, 0 errors, 1 left on base; Columbus 3 - Toledo 0 |
BOTTOM OF THE 6TH |
Toledo Mud Hens batting - Pitching for Columbus Clippers : RHP Richard Renwick
|
Batting: LHB Randy S Johnson
|
0-0: Ball 1-0: SINGLE (Line Drive, 8RS, EV 105.6 MPH)
|
Batting: LHB Jerry Tabb
|
0-0: Swinging Strike 0-1: Fly out, F7 (Flyball, 7LM, EV 87.5 MPH)
|
Batting: LHB Ron Diggle
|
0-0: Ball 1-0: Ball 2-0: Called Strike 2-1: Foul Ball, location: 2F 2-2: Ball 3-2: Foul Ball, location: 2F 3-2: Ground out 4-3 (Groundball, 4, EV 83.1 MPH) Randy S Johnson to second
|
Batting: LHB John Mayberry Sr
|
0-0: Called Strike 0-1: Ball 1-1: Ball 2-1: Foul Ball, location: 2F 2-2: Foul Ball, location: 2F 2-2: Ground out U3 (Groundball, 13, EV 79.4 MPH)
|
Bottom of the 6th over - 0 runs, 1 hit, 0 errors, 1 left on base; Columbus 3 - Toledo 0 |
TOP OF THE 7TH |
Columbus Clippers batting - Pitching for Toledo Mud Hens : RHP Douglas Mathey
|
Batting: LHB Jordan Medrano
|
0-0: Ball 1-0: SINGLE (Groundball, 25, EV 68.8 MPH) (infield hit)
|
Batting: LHB Arturo Blanco
|
0-0: Sac Bunt to 15 - play at first, batter OUT! 1-3 Jordan Medrano to second
|
Batting: RHB Alex Rodriguez
|
0-0: Ball 1-0: Foul Ball, location: 2F 1-1: Ball 2-1: Foul Ball, location: 2F 2-2: Foul Ball, location: 2F 2-2: Foul Ball, location: 2F 2-2: Ball 3-2: Ground out 4-3 (Groundball, 34, EV 90.6 MPH) Jordan Medrano to third
|
Batting: SHB Curt Wilkerson
|
0-0: Ball 1-0: SINGLE (Groundball, 6D, EV 96.3 MPH) Jordan Medrano scores
|
Batting: RHB Javier Leyva
|
0-0: Ball 1-0: Ball Passed Ball! Curt Wilkerson to second 2-0: Ball 3-0: Called Strike 3-1: Ground out 6-3 (Groundball, 6, EV 96.3 MPH)
|
Top of the 7th over - 1 run, 2 hits, 0 errors, 1 left on base; Columbus 4 - Toledo 0 |
BOTTOM OF THE 7TH |
Toledo Mud Hens batting - Pitching for Columbus Clippers : RHP Richard Renwick
|
Batting: RHB Gary Allenson
|
0-0: Called Strike 0-1: Ball 1-1: Ball 2-1: Foul Ball, location: 2F 2-2: Foul Ball, location: 2F 2-2: Fly out, F8 (Flyball, 8LXD, EV 83.1 MPH)
|
Batting: LHB Rich Coggins
|
0-0: Ground out 6-3 (Groundball, 6, EV 91.3 MPH)
|
Batting: RHB Bucky Dent
|
0-0: Ball 1-0: Foul Ball, location: 2F 1-1: Fly out, F4 (Line Drive, 4, EV 57.5 MPH)
|
Bottom of the 7th over - 0 runs, 0 hits, 0 errors, 0 left on base; Columbus 4 - Toledo 0 |
TOP OF THE 8TH |
Columbus Clippers batting - Pitching for Toledo Mud Hens : RHP Douglas Mathey
|
Batting: LHB Denny Porter
|
0-0: Swinging Strike 0-1: Ball 1-1: Ground out 6-3 (Groundball, 6, EV 105.6 MPH)
|
Batting: RHB Rod Allen
|
0-0: Called Strike 0-1: Swinging Strike 0-2: Ball 1-2: DOUBLE (Groundball, 5L, EV 101.9 MPH)
|
Batting: LHB Elijah Bonaparte
|
0-0: Ball 1-0: SINGLE (Groundball, P, EV 88.8 MPH) (infield hit) Rod Allen to third
|
Batting: RHB Donell Nixon
|
0-0: Ball 1-0: Ball 2-0: Ground out 6-3 (Groundball, 4MS, EV 81.9 MPH) Rod Allen scores Elijah Bonaparte to second
|
Batting: LHB Jordan Medrano
|
0-0: Ball 1-0: Ground out U3 (Groundball, 3, EV 83.1 MPH)
|
Top of the 8th over - 1 run, 2 hits, 0 errors, 1 left on base; Columbus 5 - Toledo 0 |
BOTTOM OF THE 8TH |
Toledo Mud Hens batting - Pitching for Columbus Clippers : RHP Richard Renwick
|
Pitching: LHP Ron Leach
|
|
Batting: RHB Nick Capra
|
0-0: SINGLE (Groundball, 34S, EV 63.8 MPH) (infield hit)
|
Batting: RHB Don Lyle
|
0-0: Called Strike 0-1: Fly out, F8 (Flyball, 8RM, EV 86.9 MPH)
|
Batting: LHB Randy S Johnson
|
0-0: Called Strike 0-1: Foul Ball, location: 2F 0-2: Strikes out looking
|
Batting: LHB Jerry Tabb
|
0-0: Ball 1-0: Called Strike 1-1: Ball 2-1: Ball 3-1: Base on Balls Nick Capra to second
|
Batting: LHB Ron Diggle
|
0-0: Ball 1-0: Ground out U3 (Groundball, 3, EV 95.6 MPH)
|
Bottom of the 8th over - 0 runs, 1 hit, 0 errors, 2 left on base; Columbus 5 - Toledo 0 |
TOP OF THE 9TH |
Columbus Clippers batting - Pitching for Toledo Mud Hens : RHP Douglas Mathey
|
Pitching: RHP Preston Hanna
|
|
Batting: LHB Arturo Blanco
|
0-0: Called Strike 0-1: Foul Ball, location: 2F 0-2: Strikes out swinging
|
Batting: RHB Alex Rodriguez
|
0-0: Called Strike 0-1: Ball 1-1: Ball 2-1: Ball 3-1: Swinging Strike 3-2: Strikes out swinging
|
Batting: SHB Curt Wilkerson
|
0-0: Ball 1-0: Ball 2-0: Ball 3-0: Called Strike 3-1: Called Strike 3-2: Strikes out swinging
|
Top of the 9th over - 0 runs, 0 hits, 0 errors, 0 left on base; Columbus 5 - Toledo 0 |
BOTTOM OF THE 9TH |
Toledo Mud Hens batting - Pitching for Columbus Clippers : LHP Ron Leach
|
Batting: LHB John Mayberry Sr
|
0-0: Ball 1-0: Called Strike 1-1: Foul Ball, location: 2F 1-2: Ball 2-2: Ground out U3 (Groundball, 3L, EV 101.9 MPH)
|
Batting: RHB Gary Allenson
|
0-0: Swinging Strike 0-1: Ball 1-1: Fly out, F7 (Flyball, 7LS, EV 84.4 MPH)
|
Batting: LHB Rich Coggins
|
0-0: Swinging Strike 0-1: Ball 1-1: Ball 2-1: Foul Ball, location: 2F 2-2: Foul Ball, location: 2F 2-2: SINGLE (Line Drive, 89S, EV 112.5 MPH)
|
Batting: RHB Bucky Dent
|
0-0: Ball 1-0: Ball 2-0: Ball Wild Pitch! Rich Coggins to second 3-0: Base on Balls
|
Batting: RHB Nick Capra
|
0-0: Foul Ball, location: 2F 0-1: Ball 1-1: Ball 2-1: Fly out, F8 (Flyball, 78M, EV 76.9 MPH)
|
Bottom of the 9th over - 0 runs, 1 hit, 0 errors, 2 left on base; Columbus 5 - Toledo 0 |
|